 Dungeon Crawl Stone Soup version 0.19.1 (webtiles) character file.

3682 Host24 the Fighter (level 10, -3/69 HPs)
             Began as a Kobold Hunter on Dec 28, 2016.
             Was a Priest of Okawaru.
             Slain by a wolf (7 damage)
             ... led by Grum
             ... on level 7 of the Dungeon.
             The game lasted 00:23:29 (7691 turns).

Host24 the Fighter (Kobold Hunter)                  Turns: 7691, Time: 00:23:29

Health: -3/69      AC:  6    Str: 11    XL:     10   Next: 35%
Magic:  12/12      EV: 21    Int: 12    God:    Okawaru [***...]
Gold:   400        SH:  0    Dex: 20    Spells: 0 memorised, 9 levels left

rFire  + . .     SeeInvis .     a - +1 hand crossbow
rCold  + . .     Gourm    .     B - +0 troll leather armour {Purgy}
rNeg   . . .     Faith    .     (shield restricted)
rPois  +         Spirit   .     (no helmet)
rElec  +         Reflect  .     o - +0 cloak
rCorr  +         Harm     .     r - +0 pair of gloves
MR     .....                    (no boots)
Stlth  +++.......               (no amulet)
                                D - +2 ring of strength
                                q - ring of stealth

@: resistant, very slightly contaminated, hasted, very quick
A: carnivore 3
a: Heroism, Renounce Religion


You were on level 7 of the Dungeon.
You worshipped Okawaru.
Okawaru was most pleased with you.
You were completely stuffed.

You visited 2 branches of the dungeon, and saw 9 of its levels.

You collected 400 gold pieces.

Inventory:

Hand Weapons
 a - a +1 hand crossbow (weapon)
 l - a +1 hunting sling of freezing
 p - a cursed -2 spear
 I - a +0 flail of protection
 L - a +2 hand axe of flaming
 U - a +0 blowgun
Missiles
 d - 28 bolts (quivered)
 e - 257 stones
 j - 129 arrows
 n - 72 sling bullets
 z - 47 poisoned needles
 E - 7 needles of sleeping
Armour
 o - a +0 cloak (worn)
 r - a +0 pair of gloves (worn)
 B - a +0 troll leather armour (worn) {Purgy}
 J - a cursed +0 chain mail
Magical Staves
 b - an uncursed staff of air {unknown}
 v - an uncursed staff of poison
Jewellery
 q - a ring of stealth (left hand)
 t - an uncursed ring of magical power {unknown}
 D - a +2 ring of strength (right hand)
 V - an uncursed ring of flight {unknown}
Wands
 s - a wand of slowing (20/48)
 P - a wand of polymorph (22/24)
 R - a wand of flame (25/48)
 W - a wand of confusion (32/48)
Scrolls
 g - a scroll of teleportation
 i - 2 scrolls of amnesia
 k - a scroll of fog {unknown}
 m - a scroll of identify
 u - a scroll of enchant armour {unknown}
 y - a scroll of enchant weapon {unknown}
 A - 3 scrolls of remove curse {unknown}
 C - a scroll of recharging {unknown}
 Q - a scroll of summoning {unknown}
Potions
 c - 2 potions of resistance
 h - a potion of cure mutation {unknown}
 x - a potion of cancellation {unknown}
 H - a potion of mutation {unknown}
 K - a potion of magic {unknown}
 M - a potion of haste
 N - a potion of agility {unknown}
 O - 3 potions of flight {unknown}
 S - a potion of invisibility {unknown}
Comestibles
 f - 3 meat rations
 w - a beef jerky
 F - 3 slices of pizza


   Skills:
 + Level 11.0 Fighting
 - Level 9.1 Crossbows
 - Level 9.0 Dodging
 - Level 1.3 Stealth
 - Level 3.3 Invocations


You had 9 spell levels left.
You didn't know any spells.

Dungeon Overview and Level Annotations

Branches:
Dungeon (8/15)             Temple (1/1) D:5
   Lair: D:8-11

Altars:
Ashenzari
Cheibriados
Dithmenos
Elyvilon
Fedhas
Gozag
Hepliaklqana
Kikubaaqudgha
Makhleb
Nemelex Xobeh
Okawaru
Qazlal
Ru
Sif Muna
Trog
Uskayaw
Vehumet
Xom
Yredelemnul
Zin
The Shining One

Shops:
D:6 (

Annotations:
D:8 Grum


Innate Abilities, Weirdness & Mutations

You are small and have problems with some larger weapons.
You are carnivorous and can eat meat at any time.


Message History

Press: ? - help, Shift-Dir - straight line, f/p - wolf
Aim: a wolf (severely wounded)
You shoot a bolt. The bolt closely misses the wolf.
The wolf bites you.
* * * LOW HITPOINT WARNING * * *
Firing (i - inventory. (,) - cycle):
d - 30 bolts (quivered)
Press: ? - help, Shift-Dir - straight line, f/p - wolf
Aim: a wolf (severely wounded)
You shoot a bolt. The bolt misses the wolf.
The wolf bites you.
* * * LOW HITPOINT WARNING * * *
Firing (i - inventory. (,) - cycle):
d - 29 bolts (quivered)
Press: ? - help, Shift-Dir - straight line, f/p - wolf
Aim: a wolf (severely wounded)
You shoot a bolt. The bolt closely misses the wolf.
The wolf misses you. The wolf completely misses you.
Wield which item (- for none, * to show all)? (? for menu, Esc to quit)
Okay, then.
It was a potion of resistance.
You feel protected. The wolf bites you!
You die...

#.####.#..#..#.# #...)....###.###
#............#)# #...###### #...#
######.......#.# #...# ###.#
###..####.# #..<# ###.#
###.......# ##.## #....
#.......### #.####### #.#.#
#####.##.##.# #.......###.#.#
##........##.#######.####.....#..
.O.###.##.......@.##.####.###.###
#### #.##.##.####h##.##...# #.###
#.....))# #.##.##.#.###....
#.#####)# #(#..........#### #.#
#.# #(..>)....#.## #.# #.#
###.#######.# #.# #.# ###.### #.#
#.#####.# #...).# #.# #.......#
#.....#####.####


You could see a wolf.

Vanquished Creatures
  Grinder (D:6)
  A spriggan (D:7)
  Sigmund (D:3)
  2 hungry ghosts (D:7)
  Edmund (D:4)
  2 orc warriors (D:7)
  A phantom (D:5)
  2 black bears (D:6)
  A sky beast (D:5)
  3 ice beasts
  Purgy (D:3)
  A necrophage (D:6)
  3 ogres
  A wolf (D:7)
  2 centaurs
  Blork the orc (D:5)
  2 bullfrogs
  3 killer bees (D:7)
  A wight (D:8)
  2 crimson imps
  2 hounds
  3 orc priests
  2 bullfrog skeletons
  3 orc wizards
  A centaur skeleton (D:4)
  4 iguanas
  8 worker ants
  A hound zombie (D:5)
  A worker ant zombie (D:7)
  10 adders
  7 gnolls
  2 shadow imps
  3 oozes
  An adder zombie (D:5)
  3 worms
  4 dart slugs
  4 leopard geckos
  16 orcs
  3 giant cockroaches
  3 goblins
  5 hobgoblins
  6 jackals
  2 quokkas
  A ball python (D:5)
  2 bats (D:2)
  4 frilled lizards
  10 kobolds
  A leopard gecko skeleton (D:5)
  A quokka skeleton (D:7)
  A quokka zombie (D:5)
  4 rats
150 creatures vanquished.

Notes
Turn   | Place    | Note
-------+----------+-------------------------------------------
     0 | D:1      | Host24 the Kobold Hunter began the quest for the Orb.
     0 | D:1      | Reached XP level 1. HP: 12/12 MP: 1/1
   158 | D:1      | Reached XP level 2. HP: 18/18 MP: 2/2
   181 | D:1      | Reached skill level 3 in Fighting
   453 | D:1      | Reached XP level 3. HP: 19/23 MP: 3/3
  1073 | D:2      | Found a shimmering altar of Xom.
  1073 | D:2      | Found a hide-covered altar of Uskayaw.
  1337 | D:2      | Reached skill level 4 in Fighting
  1338 | D:2      | Reached XP level 4. HP: 26/29 MP: 4/4
  1685 | D:2      | Reached skill level 5 in Crossbows
  2086 | D:2      | Found a shattered altar of Ashenzari.
  2311 | D:3      | Noticed Grinder
  2325 | D:3      | Paralysed by Grinder for 4 turns
  2473 | D:2      | Reached XP level 5. HP: 34/34 MP: 5/5
  2630 | D:3      | Noticed Purgy
  2643 | D:3      | Killed Purgy
  2643 | D:3      | Reached skill level 5 in Fighting
  2864 | D:3      | Noticed Sigmund
  2886 | D:3      | Reached XP level 6. HP: 41/41 MP: 6/6
  2906 | D:3      | Killed Sigmund
  2906 | D:3      | Reached skill level 7 in Fighting
  3330 | D:4      | Reached XP level 7. HP: 44/48 MP: 7/7
  3886 | D:4      | Found a blossoming altar of Fedhas.
  4050 | D:4      | Noticed Edmund
  4078 | D:4      | Killed Edmund
  4078 | D:4      | Reached skill level 5 in Dodging
  4168 | D:5      | Entered Level 5 of the Dungeon
  4296 | D:5      | Found a staircase to the Ecumenical Temple.
  4312 | Temple   | Entered the Ecumenical Temple
  4425 | Temple   | Became a worshipper of Warmaster Okawaru
  4655 | D:5      | Reached XP level 8. HP: 53/53 MP: 8/8
  4927 | D:5      | Noticed Blork the orc
  4947 | D:5      | Killed Blork the orc
  5200 | D:5      | Reached * piety under Okawaru
  5424 | D:6      | Reached skill level 8 in Fighting
  5430 | D:6      | Reached XP level 9. HP: 30/59 MP: 9/9
  5529 | D:6      | Found Okhlydeg's Antique Weapon Shoppe.
  5555 | D:6      | Paralysed by Grinder for 7 turns
  5573 | D:6      | Paralysed by Grinder for 7 turns
  5583 | D:6      | Killed Grinder
  5768 | D:6      | Reached skill level 9 in Fighting
  5836 | D:6      | HP: 3/60 [black bear (4)]
  5837 | D:6      | Reached ** piety under Okawaru
  7002 | D:7      | Reached *** piety under Okawaru
  7033 | D:7      | Received a gift from Okawaru
  7033 | D:7      | Reached XP level 10. HP: 67/67 MP: 10/10
  7173 | D:7      | Reached skill level 10 in Fighting
  7280 | D:7      | Reached skill level 1 in Invocations
  7609 | D:8      | Noticed Grum
  7660 | D:7      | Reached skill level 11 in Fighting
  7687 | D:7      | HP: 2/69 [wolf[Grum] (2)]
  7691 | D:7      | Slain by a wolf

Skill      XL: |  1  2  3  4  5  6  7  8  9 10 |
---------------+-------------------------------+-----
Fighting       | 3 4 5 7 8 9 11 | 11.0
Dodging        | 3 6 7 9 |  9.0
Crossbows      | 5 7 9 |  9.1
Invocations    | 3 |  3.3
Stealth        | |  1.3

Action                   |  1- 3 |  4- 6 |  7- 9 | 10-12 || total
-------------------------+-------+-------+-------+-------++-------
Melee: Short sword       |   115 |   100 |    42 |       ||   257
       Flail             |       |       |    53 |       ||    53
       Hand axe          |       |       |   263 |    77 ||   340
 Fire: Hand crossbow     |       |    45 |   111 |    54 ||   210
Invok: Heroism           |       |       |       |     1 ||     1
  Use: Scroll            |       |     2 |     6 |       ||     8
       Potion            |       |       |     2 |     3 ||     5
 Stab: Sleeping          |     2 |     2 |     4 |     2 ||    10
  Eat: Chunk             |     8 |     8 |    19 |    10 ||    45
Armor: Leather armour    |    31 |    14 |       |       ||    45
       Troll leather arm |       |     9 |    86 |    16 ||   111
Dodge: Dodged            |    66 |   101 |   451 |   153 ||   771
